 Dungeon Crawl Stone Soup version 0.31-a0-208-gdb31a4691d (webtiles) character file.

Game seed: 527637171325877146

36207 frimble the Fighter (level 13, -14/95 HPs)
             Began as an Octopode Warper on June 28, 2023.
             Was a High Priest of Cheibriados.
             Shot with a bolt by a yaktaur (33 damage)
             ... in a volcano.
             The game lasted 00:33:46 (16250 turns).

frimble the Fighter (Octopode Warper)              Turns: 16250, Time: 00:33:47

Health: -14/95     AC:  3    Str: 22    XL:     13   Next: 88%
Magic:  10/19      EV: 27    Int: 32    God:    Cheibriados [*****.]
Gold:   1029       SH:  0    Dex: 30    Spells: 9/20 levels left

rFire   . . .        s - +4 dagger (venom)
rCold   . . .        (no shield)
rNeg    . . .        w - +2 hat
rPois   .            p - amulet of regeneration
rElec   .            u - +6 ring of dexterity
rCorr   .            E - +5 ring of evasion
SInv    .            (no ring)
Will    .....        (no ring)
Stlth   ++++++       (no ring)
HPRegen 1.15/turn    (no ring)
MPRegen 0.16/turn    (no ring)
                     (no ring)

%: no passive effects
@: very slow
A: almost no armour, amphibious, 8 rings, camouflage 1, gelatinous body 1,
(nimble swimmer 1), tentacles, antennae 1, sense surroundings 1, subdued magic 1
a: Renounce Religion, Bend Time, Temporal Distortion, Slouch, Step From Time


You were in a volcano.
You worshipped Cheibriados.
Cheibriados was extremely pleased with you.
You visited 3 branches of the dungeon, and saw 15 of its levels.
You also visited: Volcano.

You collected 1029 gold pieces.

Inventory:

Hand Weapons
 a - a +0 short sword
 e - a +0 sling
 q - a +1 demon trident
 s - a +4 dagger of venom (weapon)
 F - the +3 longbow "Kuekh" {flame, Will+ Int+9 Dex-5 Stlth-}
   (You found it on level 9 of the Dungeon)

   Int:       It affects your intelligence (+9).
   Dex:       It affects your dexterity (-5).
   Will:      It increases your willpower.
   Stlth:     It makes you less stealthy.
Missiles
 c - 3 boomerangs of dispersal
 f - 6 throwing nets
 j - 35 poisoned darts (quivered)
 z - 2 silver boomerangs
 D - 3 boomerangs
Armour
 w - a +2 hat (worn)
Jewellery
 d - a ring of ice
 h - a ring of ice
 p - an amulet of regeneration (around mantle)
 u - a +6 ring of dexterity (left tentacle)
 B - an amulet of magic regeneration
 E - a +5 ring of evasion (right tentacle)
 I - a +6 ring of intelligence
Wands
 A - a wand of light (1)
 H - a wand of flame (9)
Scrolls
 b - a scroll of torment
 g - 2 scrolls of identify
 i - 6 scrolls of amnesia
 l - 2 scrolls of teleportation
 n - 2 scrolls of enchant weapon
 o - a scroll of fog
 t - a scroll of revelation
 v - 2 scrolls of vulnerability
 y - 2 scrolls of enchant armour
 C - a scroll of silence
 J - a scroll of fear
Potions
 k - 3 potions of attraction
 r - a potion of enlightenment
 x - 5 potions of mutation
Miscellaneous
 m - a phial of floods (inert)
 G - a phantom mirror (inert)


   Skills:
 - Level 11.1 Fighting
 - Level 10.0 Short Blades
 - Level 3.0 Throwing
 + Level 8.2 Dodging
 - Level 8.0 Stealth
 - Level 4.0 Spellcasting
 - Level 6.2 Necromancy
 - Level 5.0 Translocations
 + Level 9.5 Earth Magic
 + Level 6.1 Invocations
 - Level 7.0 Evocations


You had 9 spell levels left.
You knew the following spells:

 Your Spells              Type           Power      Damage    Failure   Level
a - Blink                 Tloc           58%        N/A       1%          2
b - Dispel Undead         Necr           35%        3d15      3%          4
c - Lee's Rapid Deconstr  Erth           25%        3d14*     2%          5

Your spell library contained the following spells:

 Spells                   Type           Power      Damage    Failure   Level
 Kiss of Death            Conj/Necr      80%        2d11      1%          1
 Lesser Beckoning         Tloc           58%        N/A       1%          2
 Teleport Other           Tloc           29%        N/A       1%          3
 Cigotuvi's Dreadful Rot  Necr/Pois/Air  30%        N/A       2%          2
 Shock                    Conj/Air       16%        1d4       4%          1
 Slow                     Hex            16%        N/A       4%          1
 Vhi's Electric Charge    Tloc/Air       34%        N/A       4%          3
 Volatile Blastmotes      Fire/Tloc      34%        2d12      4%          3
 Manifold Assault         Tloc           29%        N/A       5%          4
 Confusing Touch          Hex            4%         N/A       14%         3
 Hailstorm                Conj/Ice       4%         3d4       14%         3
 Ignite Poison            Fire/Tmut/Pois 4%         N/A       14%         3
 Swiftness                Air            4%         N/A       14%         3
 Iskenderun's Mystic Bla  Conj/Tloc      17%        2d5       17%         4
 Airstrike                Air            2%         2d(1-17)  45%         4
 Fulminant Prism          Conj/Hex       2%         3d5       45%         4
 Ice Form                 Ice/Tmut       4%         N/A       45%         4
 Freezing Cloud           Conj/Ice/Air   2%         6-21      80%         5
 Simulacrum               Ice/Necr       10%        N/A       92%         6


Dungeon Overview and Level Annotations

Branches:
Dungeon (12/15)            Temple (1/1) D:7            Lair (2/5) D:9
    Orc (0/2) D:11        Volcano (1/1)
  Swamp: Lair:2-3    Shoals: Lair:2-3     Snake: Lair:2-3    Spider: Lair:2-3

Altars:
Ashenzari
Cheibriados
Dithmenos
Elyvilon
Fedhas
Gozag
Hepliaklqana
Makhleb
Nemelex Xobeh
Okawaru
Qazlal
Sif Muna
Vehumet
Wu Jian
Xom
Yredelemnul
Zin
The Shining One

Shops:
D:3 [   D:4 (

Portals:
Trove: D:10 (give +6 demon blade)

Annotations:
D:3 dig
D:8 1 runed translucent door, SwinebobAirpants's ghost, novice DjCj


Innate Abilities, Weirdness & Mutations

You cannot wear most types of armour.
You are amphibious.
You can wear up to eight rings at the same time.
Your skin changes colour to match your surroundings (Stealth+).
Your rubbery body absorbs attacks. (AC +1, EV +1)
((You are camouflaged when in or above water. (Stealth+)))
You have tentacles for arms and can constrict up to eight enemies at once.
You have a pair of small antennae on your head.
You passively map a small area around you.
Your spells are a little easier to cast, but a little less powerful.


Message History

The centaur warrior shouts!
You hear a shout! x2
The centaur warrior shoots an arrow.
The arrow misses you.
The centaur warrior shoots an arrow.
The arrow barely misses you.
You hear a shout!
Casting: Lee's Rapid Deconstruction (dangerous; 2% risk of failure)
Confirm with . or Enter, or press ? or * to list all spells.
Aiming: Lee's Rapid Deconstruction (dangerous; 2% risk of failure)
Press: ? - help, Dir - move target A translucent stone wall.
The wall shatters!
The blast of rock fragments hits the centaur warrior.
The centaur warrior is moderately wounded.
You hear a shout!
A yaktaur opens the large door. x2
Casting: Lee's Rapid Deconstruction (dangerous; 2% risk of failure)
Confirm with . or Enter, or press ? or * to list all spells.
Aiming: Lee's Rapid Deconstruction (dangerous; 2% risk of failure)
Press: ? - help, Dir - move target You can't see that place.
Okay, then.
Unknown command.
The centaur warrior shoots an arrow.
The arrow completely misses you.
The yaktaur shoots a bolt.
The bolt hits you! The bolt burns you.
The centaur warrior shoots an arrow.
The arrow hits you! The arrow burns you.
The centaur warrior shoots an arrow.
The arrow hits you! The arrow burns you.
The yaktaur shoots a bolt.
The bolt barely misses you.
The centaur warrior shoots an arrow.
The arrow misses you.
The yaktaur shoots a bolt.
The bolt hits you!!
* * * LOW HITPOINT WARNING * * *
The bolt burns you!
* * * LOW HITPOINT WARNING * * *
The yaktaur shoots a bolt.
The bolt completely misses you.
You hear a shout!
Aiming: Bolt of Light
Press: ? - help, Shift-Dir - straight line, f - yaktaur
Aim: a yaktaur, wielding a +2 arbalest of flaming (94% to hit)
The bolt of light hits the yaktaur!!
The yaktaur is heavily wounded.
The yaktaur is blinded.
The yaktaur shoots a bolt.
The bolt hits you!!
You die...

...#..≈c.#c..#≈
~ ...#8≈≈≈8#...#
* #..'..≈..'..#
~ ~ ~#..'c....'.
~ ~ ~ ≈# #8...8#
#≈≈ ~
≈§###.....###≈≈§
≈§§≈§.....≈§§§≈#
≈≈§§§8..§8≈§§§##
≈≈§§≈...@.≈§###
##§≈§....§§§#
#≈≈≈8...8§##
####....§##
#.....# #8...8#
#.....# #.....#
#8...8#


You could see a yaktaur (blind).

Vanquished Creatures
  Harold (Lair:1)
  3 centaur warriors (D:9)
  4 two-headed ogres
  A death knight (D:9)
  A tengu warrior (D:9)
  Nergalle (D:10)
  Urug (D:10)
  Amaemon (D:9)
  3 skeletal warriors (D:12)
  A deep elf pyromancer (D:12)
  A manticore (D:9)
  2 ugly things
  5 elephants
  3 cyclopes
  2 gargoyles (D:12)
  An orange demon (D:9)
  2 komodo dragons (D:9)
  A queen bee (shapeshifter) (D:9)
  5 trolls
  A hornet (D:9)
  Grinder (D:5)
  A polar bear (Lair:2)
  3 slime creatures (D:12)
  4 wyverns
  13 yaks
  Grum (D:9)
  A vampire (D:12)
  A steam dragon (D:8)
  2 basilisks
  3 vampire mosquitoes (D:10)
  Edmund (D:4)
  6 water moccasins
  2 acid dragons
  Duvessa (D:7)
  An ice beast (D:5)
  7 orc warriors
  2 sky beasts (D:7)
  2 hornet zombies (D:7)
  2 ogres (D:6)
  3 wolves (D:9)
  7 centaurs
  2 kobold brigands
  A phantom (D:7)
  5 bullfrogs
  A gnoll sergeant (D:9)
  5 scorpions
  A wyvern zombie (D:7)
  9 wights
  Dowan (D:7)
  13 killer bees
  2 howler monkeys
  3 hounds
  A gnoll bouda (D:5)
  10 orc priests
  A sleepcap (D:6)
  Crazy Yiuf (D:6)
  4 iguanas
  13 orc wizards
  A killer bee zombie (D:7)
  7 gnolls
  5 adders
  2 white imps
  2 ufetubi (D:4)
  2 worms
  A dart slug (D:3)
  38 orcs
  5 ball pythons
  9 bats
  4 endoplasms
  5 giant cockroaches
  8 goblins
  8 hobgoblins
  4 quokkas
  4 frilled lizards
  18 kobolds
  5 rats
305 creatures vanquished.

Vanquished Creatures (collateral kills)
  A two-headed ogre (D:9)
  An elephant (Lair:2)
  A steam dragon (D:9)
  A bullfrog (D:9)
  4 killer bees (D:9)
  A howler monkey (D:9)
9 creatures vanquished.

Grand Total: 314 creatures vanquished

Notes
Turn   | Place    | Note
-------+----------+-------------------------------------------
     0 | D:1      | frimble the Octopode Warper began the quest for the Orb.
     0 | D:1      | Reached XP level 1. HP: 14/14 MP: 3/3
   156 | D:1      | Reached skill level 1 in Stealth
   301 | D:1      | Reached XP level 2. HP: 5/19 MP: 5/5
   306 | D:1      | Learned a level 2 spell: Blink
  1038 | D:2      | Reached XP level 3. HP: 15/25 MP: 6/6
  1916 | D:3      | Reached XP level 4. HP: 21/30 MP: 7/7
  1977 | D:3      | Reached skill level 3 in Fighting
  2055 | D:4      | Noticed a scorpion
  2106 | D:4      | Killed a scorpion
  2107 | D:4      | Reached XP level 5. HP: 15/36 MP: 8/8
  2416 | D:3      | Found Xithus's Armour Shop.
  2452 | D:3      | Identified the +0 cloak of Hadolent {MP+9}
  2791 | D:3      | Reached XP level 6. HP: 40/43 MP: 9/9
  3290 | D:4      | Identified the +1 leather armour "Kylash" {Harm rElec rF+}
  3372 | D:4      | Reached skill level 4 in Fighting
  3378 | D:4      | Learned a level 4 spell: Dispel Undead
  3567 | D:4      | Found Gitrideb's Weapon Shop.
  3656 | D:4      | Reached skill level 5 in Stealth
  3910 | D:4      | Noticed Edmund
  3941 | D:4      | Gained mutation: You are partially covered in iridescent
                  | scales. (AC +2) [potion of mutation]
  3941 | D:4      | Gained mutation: You are vulnerable to heat. (rF-) [potion
                  | of mutation]
  3941 | D:4      | Gained mutation: One of your tentacles bears a spike.
                  | [potion of mutation]
  3946 | D:4      | Killed Edmund
  3947 | D:4      | Reached skill level 1 in Necromancy
  3947 | D:4      | Reached XP level 7. HP: 19/49 MP: 6/10
  4421 | D:5      | Entered Level 5 of the Dungeon
  4756 | D:5      | Reached skill level 5 in Fighting
  4811 | D:5      | Reached skill level 5 in Short Blades
  4834 | D:5      | Reached XP level 8. HP: 24/55 MP: 11/11
  4991 | D:5      | Noticed Grinder
  5074 | D:6      | Found a runed translucent door.
  5075 | D:6      | Noticed Crazy Yiuf
  5526 | D:6      | Learned a level 5 spell: Lee's Rapid Deconstruction
  5805 | D:5      | Lost mutation: You are vulnerable to heat. (rF-) [potion of
                  | mutation]
  5805 | D:5      | Lost mutation: You are partially covered in iridescent
                  | scales. (AC +2) [potion of mutation]
  5805 | D:5      | Lost mutation: One of your tentacles bears a spike. [potion
                  | of mutation]
  5805 | D:5      | Gained mutation: Your spells are a little easier to cast,
                  | but a little less powerful. [potion of mutation]
  5805 | D:5      | Gained mutation: You passively map a small area around you.
                  | [potion of mutation]
  5805 | D:5      | Gained mutation: You have a pair of small antennae on your
                  | head. [potion of mutation]
  5918 | D:5      | Paralysed by Grinder for 4 turns
  5928 | D:5      | Killed Grinder
  6390 | D:6      | Found a shimmering blue altar of Sif Muna.
  6414 | D:6      | Got Sif Muna's Disquisition on Guile
  6737 | D:6      | Killed Crazy Yiuf
  6851 | D:6      | Reached skill level 6 in Fighting
  6851 | D:6      | Reached skill level 1 in Earth Magic
  6907 | D:6      | Reached XP level 9. HP: 62/62 MP: 12/12
  7380 | D:7      | Found a white marble altar of Elyvilon.
  7474 | D:7      | Noticed Dowan
  8000 | D:8      | Found a shadowy altar of Dithmenos.
  8034 | D:8      | Noticed a two-headed ogre
  8055 | D:8      | Killed a two-headed ogre
  8056 | D:8      | Reached skill level 5 in Necromancy
  8284 | D:8      | Found a runed translucent door.
  8285 | D:8      | Noticed SwinebobAirpants's ghost (novice DjCj)
  8286 | D:8      | Identified the +11 trident "Nuhusmuv" {speed, Str+4}
  8488 | D:7      | Found a staircase to the Ecumenical Temple.
  8518 | Temple   | Entered the Ecumenical Temple
  8528 | Temple   | Became a worshipper of Cheibriados the Contemplative
  8549 | D:7      | Noticed Duvessa
  8559 | D:7      | Killed Dowan
  8575 | D:7      | Killed Duvessa
  8694 | D:7      | Reached XP level 10. HP: 68/68 MP: 16/16
  8864 | D:7      | Found a glowing golden altar of the Shining One.
  8944 | D:7      | Found a basalt altar of Yredelemnul.
  9241 | D:9      | Reached skill level 1 in Invocations
  9241 | D:9      | Reached skill level 1 in Evocations
  9315 | D:9      | Identified the +5 dagger of Gravity {venom, *Rage rPois
                  | rCorr Stlth+}
  9518 | D:9      | Noticed a cyclops
  9533 | D:9      | Reached * piety under Cheibriados
  9536 | D:9      | Noticed a two-headed ogre
  9540 | D:9      | Killed a two-headed ogre
  9563 | D:9      | Reached skill level 5 in Earth Magic
  9654 | D:9      | Noticed Grum
  9669 | D:9      | Killed Grum
  9759 | D:9      | Reached skill level 5 in Translocations
  9773 | D:9      | Reached ** piety under Cheibriados
 10091 | D:9      | Found a runed translucent door.
 10092 | D:9      | Noticed a cyclops
 10109 | D:9      | Noticed a centaur warrior
 10109 | D:9      | Noticed a manticore
 10109 | D:9      | Noticed a centaur warrior
 10109 | D:9      | Noticed an eight-headed hydra
 10109 | D:9      | Noticed a tengu warrior
 10109 | D:9      | Noticed a purple ugly thing
 10109 | D:9      | Noticed a centaur warrior
 10135 | D:10     | Entered Level 10 of the Dungeon
 10135 | D:10     | Noticed Urug
 10238 | D:10     | Found a portal to a secret trove of treasure.
 10301 | D:10     | HP: 3/69 [Urug/+1 demon trident (27)]
 10302 | D:10     | Killed Urug
 10303 | D:10     | Reached skill level 7 in Fighting
 10303 | D:10     | Reached XP level 11. HP: 4/75 MP: 17/17
 10325 | D:10     | Found an opulent altar of Gozag.
 10327 | D:10     | Found a radiant altar of Vehumet.
 10328 | D:10     | Identified the +9 whip "Ciclyxobb" {pain, MP+9}
 10757 | D:11     | Reached *** piety under Cheibriados
 11034 | D:11     | Noticed a two-headed ogre
 11060 | D:11     | Killed a two-headed ogre
 11174 | D:10     | Noticed Nergalle
 11182 | D:10     | Killed Nergalle
 11183 | D:10     | Reached skill level 5 in Evocations
 11187 | D:10     | Reached skill level 11 in Fighting
 11187 | D:10     | Reached XP level 12. HP: 90/90 MP: 18/18
 11697 | D:9      | Killed a centaur warrior
 11933 | D:9      | Noticed Amaemon
 11941 | D:9      | Reached skill level 5 in Dodging
 11950 | D:9      | Killed Amaemon
 12018 | D:9      | Killed a centaur warrior
 12038 | D:9      | Reached **** piety under Cheibriados
 12382 | D:9      | Noticed a death knight
 12539 | D:9      | Killed a centaur warrior
 12562 | D:9      | Killed a tengu warrior
 12563 | D:9      | Reached skill level 10 in Short Blades
 12563 | D:9      | Reached XP level 13. HP: 56/95 MP: 19/19
 12964 | D:11     | Found a staircase to the Orcish Mines.
 13687 | D:12     | Reached ***** piety under Cheibriados
 14553 | D:9      | Identified the +3 longbow "Kuekh" {flame, Will+ Int+9 Dex-5
                  | Stlth-}
 14895 | D:9      | Found a staircase to the Lair.
 15083 | D:9      | Reached skill level 5 in Invocations
 15285 | Lair:1   | Entered Level 1 of the Lair of Beasts
 15370 | Lair:1   | Noticed Harold
 15379 | Lair:1   | Killed Harold
 15669 | Lair:1   | Identified the +0 leather armour of the Modern Xenops
                  | {rPois}
 16190 | Lair:2   | Found a dark tunnel.
 16227 | Volcano  | Entered a volcano
 16250 | Volcano  | Shot with a bolt by a yaktaur

Illustrated notes

Levels and vault maps discovered:
D:1:      minmay_arrival_four_loops, layout_basic, serial_forest,
          infiniplex_forest_diagonal, infiniplex_forest_diagonal,
          infiniplex_forest_lined_2, infiniplex_forest_straight_2,
          infiniplex_forest_clump_double, infiniplex_forest_lined_room_2
D:2:      layout_loops_ring, serial_forest, infiniplex_forest_straight_1,
          infiniplex_forest_lined_2, infiniplex_forest_corner_2,
          infiniplex_forest_clump_small, infiniplex_forest_zigzag_1,
          infiniplex_forest_clump_C, infiniplex_forest_clump_small,
          infiniplex_forest_join, infiniplex_forest_clump_small,
          grunt_ministairs_6
D:3:      layout_rooms, serial_glass, glass_columns_b, glass_columns_c,
          due_unseen_surprise, minmay_strange_pillars, feat_on_display,
          serial_shops, nicolae_shop_pleasant_corner_grove
D:4:      layout_layer_cave, serial_shops, nicolae_shop_bloodbath_and_beyond,
          serial_bayou, serial_bayou_pond_e, serial_bayou_ford_a,
          serial_bayou_pond_e, serial_bayou_pond_e, uniq_edmund
D:5:      layout_basic, uniq_grinder
D:6:      layout_loops_ring, led_sif_book, uniq_crazy_yiuf_cottage
D:7:      layout_basic, kennysheep_ying_yang, lemuel_doored_altar,
          temple_doors_cd, serial_undead, serial_undead_b, serial_undead_f,
          serial_undead_b, serial_undead_a, uniq_duvessa
D:8:      layout_basic, nicolae_dithmenos_through_a_glass_darkly, serial_glass,
          glass_columns_a, glass_columns_b, ebering_ghost_funeral_grove
D:9:      minmay_the_grid_triangle_9x9_rhombus_thin
          [minmay_the_grid_triangle_9x9_from_above,
          minmay_the_grid_triangle_9x9_prize_top_heavy,
          minmay_the_grid_triangle_9x9_subtriangle,
          minmay_the_grid_triangle_9x9_alien], layout_stronghold,
          erik_lair_dragon, kennysheep_just_a_vault, uniq_amaemon, uniq_grum
D:10:     layout_loops_cross, chequers_temple_overflow_statue_of_worship,
          enter_trove_0, uniq_nergalle, uniq_urug
D:11:     layout_loops_cross, david_orc_4
D:12:     layout_small_grid
Temple:   hellmonk_temple_two_chambers
Lair:1:   layout_misc_corridors, grunt_forest_small_clearing_treed, uniq_harold
Lair:2:   layout_regular_city, nicolae_spider_entry_non_spiders,
          enter_volcano_2, st_stairs_7, serial_bayou_shore_b, grunt_megastairs_4
Volcano:  kennysheep_volcano_temple

Skill      XL: |  1  2  3  4  5  6  7  8  9 10 11 12 13 |
---------------+----------------------------------------+-----
Stealth        | 1 2 3 4 5 6 8 |  8.0
Fighting       | 3 4 5 6 7 11 | 11.1
Short Blades   | 3 4 5 6 7 8 10 | 10.0
Necromancy     | 1 2 4 5 6 |  6.2
Earth Magic    | 1 4 5 6 7 9 |  9.5
Spellcasting   | 4 |  4.0
Translocations | 4 5 |  5.0
Invocations    | 3 6 |  6.1
Evocations     | 3 5 6 7 |  7.0
Dodging        | 3 4 5 8 |  8.2
Throwing       | 3 |  3.0

Action                     |  1- 3 |  4- 6 |  7- 9 | 10-12 | 13-15 || total
---------------------------+-------+-------+-------+-------+-------++-------
  Melee: Short sword       |    92 |   136 |   138 |       |       ||   366
         Constrict         |    18 |    19 |    41 |    36 |    26 ||   140
         Tentacles         |    13 |    24 |    68 |    75 |   117 ||   297
         Punch             |       |     1 |     5 |     8 |    12 ||    26
         Kick              |       |       |    41 |       |       ||    41
         Dagger            |       |       |    86 |   360 |   287 ||   733
   Fire: Sling             |       |     9 |     7 |       |       ||    16
  Throw: Dart              |       |    18 |    35 |    23 |    26 ||   102
         Boomerang         |       |     1 |     8 |     4 |       ||    13
         Throwing net      |       |       |       |     1 |       ||     1
   Cast: Blink             |       |     3 |     8 |    14 |     9 ||    34
         Dispel Undead     |       |       |     5 |     4 |    10 ||    19
         Lee's Rapid Decon |       |       |       |       |     9 ||     9
 Invoke: Temporal Distorti |       |       |       |     3 |       ||     3
  Evoke: Wand              |       |       |     7 |    15 |     8 ||    30
         Phial of floods   |       |       |       |       |     1 ||     1
         Phantom mirror    |       |       |       |       |     1 ||     1
    Use: Scroll            |     3 |     4 |     8 |    12 |     7 ||    34
         Potion            |       |     5 |     5 |    11 |       ||    21
   Stab: Sleeping          |    12 |     6 |     9 |     4 |    13 ||    44
         Distracted        |       |       |     1 |     5 |     1 ||     7
         Held in net/web   |       |       |       |     2 |       ||     2
         Invisible         |       |       |       |       |     1 ||     1
 Armour: Skin              |     8 |    33 |    11 |   114 |    10 ||   176
  Dodge: Dodged            |    36 |    59 |    94 |   164 |   212 ||   565

Table legend: (Time is in decaauts)
 A = Elapsed time spent in this place.
 B = Non-inter-level travel time spent in this place.
 C = Inter-level travel time spent in this place.
 D = Time resting spent in this place.
 E = Time spent auto-exploring this place.
 F = Levels seen in this place.
 G = Mean time per level.
                   A        B        C        D        E       F      G
               +--------+--------+--------+--------+--------+-----+--------+
         Total |  19079 |  17860 |   1219 |    347 |  14105 |  16 | 1192.4 |
       Dungeon |  17537 |  16346 |   1191 |    324 |  12884 |  12 | 1461.4 |
        Temple |     18 |     10 |      8 |      0 |      0 |   1 |   18.0 |
          Lair |   1483 |   1463 |     20 |     23 |   1192 |   2 |  741.5 |
       Volcano |     40 |     40 |      0 |      0 |     28 |   1 |   40.0 |
               +--------+--------+--------+--------+--------+-----+--------+

Top non-repeatable levels by time:
     D:9: 4029 daAuts
     D:4: 1870 daAuts
    D:11: 1613 daAuts
    D:12: 1440 daAuts
    D:10: 1317 daAuts
     D:7: 1284 daAuts
     D:6: 1181 daAuts
     D:5: 1172 daAuts
  Lair:1: 1055 daAuts
     D:1: 1022 daAuts
     D:8: 955 daAuts
     D:2: 841 daAuts
     D:3: 808 daAuts
  Lair:2: 427 daAuts
 Volcano: 40 daAuts
